 Dungeon Crawl Stone Soup version 0.30.0-17-ge0270778cf (webtiles) character file.

Game seed: 15617589577334060411

1718 safid the Frost Mage (level 9, 0/71 HPs)
             Began as a Merfolk Ice Elementalist on May 22, 2023.
             Succumbed to a scorpion's poison
             ... on level 6 of the Dungeon.
             The game lasted 00:11:02 (5745 turns).

safid the Frost Mage (Merfolk Ice Elementalist)     Turns: 5745, Time: 00:11:03

Health: 0/71       AC:  3    Str:  6 (7)  XL:     9   Next: 4%
Magic:  8/18       EV: 12    Int: 24 (25) God:
Gold:   268        SH:  0    Dex: 14 (15) Spells: 13/20 levels left

rFire   + . .        t - +5 quarterstaff of Guok {freeze, rElec Will+ Int+2 Dex+2}
rCold   + . .        (shield currently unavailable)
rNeg    + . .        a - +0 robe
rPois   +            (no helmet)
rElec   +            (no cloak)
rCorr   +            (no gloves)
SInv    .            p - +0 pair of boots
Will    +....        (no amulet)
Stlth   ++           n - ring of positive energy
HPRegen 0.31/turn    w - ring of resist corrosion
MPRegen 0.16/turn

%: no passive effects
@: lethally poisoned (0 -> -4), resistant, freezing walls, attractive
A: (nimble swimmer 2), mertail, clever 1, evolution 1, MP-powered wands
a: no special abilities


You were on level 6 of the Dungeon.
You visited 1 branch of the dungeon, and saw 6 of its levels.
You also visited: Ossuary.

You collected 268 gold pieces.

Inventory:

Hand Weapons
 t - the +5 quarterstaff of Guok (weapon) {freeze, rElec Will+ Int+2 Dex+2}
   (You took it off a goblin on level 4 of the Dungeon)

   Int:       It affects your intelligence (+2).
   Dex:       It affects your dexterity (+2).
   rElec:     It insulates you from electricity.
   Will:      It increases your willpower.
Armour
 a - a +0 robe (worn)
 p - a +0 pair of boots (worn)
Magical Staves
 e - a staff of cold
Jewellery
 n - a ring of positive energy (left hand)
 w - a ring of resist corrosion (right hand)
Scrolls
 c - 2 scrolls of amnesia
 d - 2 scrolls of enchant armour
 m - a scroll of blinking
 r - 3 scrolls of teleportation
 u - a scroll of magic mapping {unknown}
 y - 2 scrolls of enchant weapon
 D - a scroll of silence {unknown}
Potions
 b - 2 potions of magic
 h - 5 potions of degeneration
 i - 2 potions of mutation
 j - a potion of might
 l - 2 potions of lignification {unknown}
 o - 2 potions of attraction
 v - 2 potions of flight {unknown}
 x - 2 potions of heal wounds {unknown}
 z - 2 potions of resistance
 A - a potion of cancellation {unknown}
 B - a potion of haste {unknown}
 C - a potion of curing {unknown}
 E - a potion of ambrosia {unknown}


   Skills:
 + Level 6.9 Fighting
 - Level 2.6 Dodging
 - Level 2.1 Stealth
 + Level 6.2 Spellcasting
 + Level 8.4 Ice Magic


You had 13 spell levels left.
You knew the following spells:

 Your Spells              Type           Power      Damage    Failure   Level
a - Freeze                Ice            100%       1d10      1%          1
b - Frozen Ramparts       Ice            94%        1d15      1%          3
c - Ozocubu's Armour      Ice            47%        N/A       1%          3

Your spell library contained the following spells:

 Spells                   Type           Power      Damage    Failure   Level
 Magic Dart               Conj           28%        1d4       8%          1
 Call Imp                 Summ           14%        N/A       12%         2
 Lesser Beckoning         Tloc           14%        N/A       12%         2
 Summon Ice Beast         Ice/Summ       27%        N/A       14%         4
 Call Canine Familiar     Summ           7%         N/A       24%         3
 Dazzling Flash           Conj/Hex       14%        N/A       24%         3
 Gell's Gravitas          Tloc           7%         N/A       24%         3
 Ignite Poison            Fire/Tmut/Pois 7%         N/A       24%         3
 Mephitic Cloud           Conj/Pois/Air  7%         N/A       24%         3
 Swiftness                Air            7%         N/A       24%         3
 Teleport Other           Tloc           7%         N/A       24%         3
 Agony                    Necr           7%         N/A       91%         5
 Silence                  Hex/Air        3%         N/A       91%         5


Dungeon Overview and Level Annotations

Branches:
Dungeon (6/15)            Ossuary (visited)
 Temple: D:4-7

Altars:
Xom
Yredelemnul

Portals:
Sewer: D:6

Annotations:
D:4 4 runed translucent doors


Innate Abilities, Weirdness & Mutations

((You are very nimble when in or above water. (Stealth+, EV+, Speed+++)))
Your lower body shifts to a powerful aquatic tail in water.
Your mind is acute. (Int +4, Str/Dex -1)
You have hidden genetic potential.
You expend magic power (3 MP) to strengthen your wands.


Message History

Grinder gestures at you. You resist with some effort.
You thump Grinder!
Grinder is severely wounded.
Grinder closely misses you.
You hit Grinder.
Grinder is almost dead.
Grinder barely misses you.
You sock Grinder!
You kill Grinder!
You feel your intelligence returning.
Your Spellcasting skill increases to level 6!
You have reached level 9!
Your experience leads to an increase in your attributes!
Your base attributes are Str 8, Int 17, Dex 14.
Increase (S)trength, (I)ntelligence, or (D)exterity?
You feel clever. x2
Your icy armour cracks and falls away as you move.
The scorpion is attracted toward you. The scorpion is attracted toward you.
You hit the scorpion. You freeze the scorpion.
The scorpion is moderately wounded.
The scorpion barely misses you. The scorpion stings you.
* * * LOW HITPOINT WARNING * * *
You are poisoned.
The scorpion poisons you!
Unknown command.
Casting: Ozocubu's Armour (safe; 1% risk of failure)
Confirm with . or Enter, or press ? or * to list all spells.
Casting: Frozen Ramparts (safe; 1% risk of failure)
Press: ? - help, Dir - look around, f - activate The walls around you are covered in ice.
* * * LOW HITPOINT WARNING * * *
You feel sick.
The wall freezes the scorpion.
The scorpion stings you.
* * * LOW HITPOINT WARNING * * *
Unknown command.
Unknown command.
It was a potion of resistance.
You feel protected.
You die...

.## ######... ....5....
#..#####. #..#S~~#.
#..#S~~#.
################..#B∩~#.
#..........@s.....#S~~#.
#.###############.#B~~#.
#.# .##+##. #.# ..... .
#.# ###.#.# #.# ...# #.#
#.# #.# .# #.#


You could see a scorpion.

Vanquished Creatures
  Grinder (D:6)
  2 water moccasins (D:5)
  An orc warrior (D:3)
  A phantom (D:5)
  Blork the orc (D:6)
  2 scorpions (D:4)
  4 water moccasin zombies (Ossuary)
  2 howler monkeys (D:4)
  5 hounds
  A jelly (D:5)
  A gnoll bouda (D:4)
  3 iguanas
  A sleepcap (D:4)
  3 orc wizards
  2 hound zombies (D:4)
  2 mummies (Ossuary)
  Robin (D:3)
  4 adders
  A shadow imp (D:5)
  4 adder zombies (Ossuary)
  A worm (D:4)
  6 dart slugs
  6 orcs
  5 bats
  6 endoplasms
  2 giant cockroaches (D:4)
  17 goblins
  9 hobgoblins
  3 jackals (D:1)
  4 quokkas
  4 ball pythons
  3 frilled lizards
  8 gnoll zombies (Ossuary)
  5 hobgoblin zombies (Ossuary)
  5 kobolds
  6 kobold zombies (Ossuary)
  7 orc zombies (Ossuary)
  6 rats
145 creatures vanquished.

Notes
Turn   | Place    | Note
-------+----------+-------------------------------------------
     0 | D:1      | safid the Merfolk Ice Elementalist began the quest for the
                  | Orb.
     0 | D:1      | Reached XP level 1. HP: 13/13 MP: 3/3
    10 | D:1      | Found a faded altar of an unknown god.
   483 | D:1      | Reached XP level 2. HP: 20/20 MP: 5/5
   766 | D:1      | Reached skill level 1 in Fighting
   967 | D:2      | Found a shimmering altar of Xom.
  1424 | D:2      | Reached XP level 3. HP: 22/26 MP: 0/6
  1622 | D:3      | Noticed an orc warrior
  1797 | D:4      | Reached skill level 5 in Ice Magic
  1797 | D:4      | Reached XP level 4. HP: 31/33 MP: 3/8
  1865 | D:4      | Learned a level 3 spell: Frozen Ramparts
  1869 | D:4      | Learned a level 3 spell: Ozocubu's Armour
  2003 | D:4      | Reached XP level 5. HP: 39/39 MP: 3/9
  2005 | D:4      | Identified the +5 quarterstaff of Guok {freeze, rElec Will+
                  | Int+2 Dex+2}
  2352 | D:4      | Found a large runed translucent door.
  2352 | D:4      | Found a large runed translucent door.
  2355 | D:4      | Noticed a centaur
  2355 | D:4      | Noticed a water moccasin
  2386 | D:4      | Reached XP level 6. HP: 30/47 MP: 6/11
  2492 | D:4      | Got Sif Muna's Everyday Hermeneutics
  2514 | D:4      | Found a large runed translucent door.
  2514 | D:4      | Found a large runed translucent door.
  2593 | D:4      | Reached skill level 6 in Ice Magic
  2715 | D:4      | Found a basalt altar of Yredelemnul.
  2847 | D:4      | Reached XP level 7. HP: 39/54 MP: 11/13
  3545 | D:3      | Noticed Robin
  3569 | D:3      | Killed Robin
  3854 | D:3      | Identified the +0 ring mail "Iriw" {Contam Fly Int+6
                  | Stlth+}
  4302 | D:5      | Entered Level 5 of the Dungeon
  4358 | D:5      | Reached skill level 5 in Fighting
  4384 | D:5      | Reached skill level 7 in Ice Magic
  4391 | D:5      | Found a sand-covered staircase.
  4478 | Ossuary  | Entered an ossuary
  4558 | Ossuary  | Reached XP level 8. HP: 62/62 MP: 15/15
  4656 | Ossuary  | Reached skill level 5 in Spellcasting
  5279 | D:5      | Reached skill level 8 in Ice Magic
  5658 | D:6      | Noticed Blork the orc
  5669 | D:6      | Killed Blork the orc
  5714 | D:6      | Found a glowing drain.
  5716 | D:6      | Noticed Grinder
  5726 | D:6      | Gained mutation: You have hidden genetic potential. [potion
                  | of mutation]
  5726 | D:6      | Gained mutation: Your mind is acute. (Int +4, Str/Dex -1)
                  | [potion of mutation]
  5726 | D:6      | Gained mutation: You expend magic power (3 MP) to
                  | strengthen your wands. [potion of mutation]
  5740 | D:6      | Killed Grinder
  5741 | D:6      | Reached XP level 9. HP: 12/71 MP: 10/18
  5744 | D:6      | HP: 1/71 [scorpion (5)]
  5745 | D:6      | Succumbed to a scorpion's poison

Illustrated notes

Levels and vault maps discovered:
D:1:      wander_arrival_chamber, layout_basic,
          hellmonk_ecumenical_altar_dog_temple, kennysheep_crisscross,
          minmay_misc_feat_five
D:2:      minmay_evil_eye, layout_rooms, basic_altar, kennysheep_generic_room_15
D:3:      minmay_inner_zag, layout_basic, grunt_ministairs_4, uniq_robin
D:4:      layout_cave_pods, lemuel_zombie_altar_yredelemnul,
          kennysheep_big_empty_room, minmay_hollow_rounded_squares
D:5:      layout_cave_pools, chequers_ossuary_entry_cave
D:6:      layout_loops_ring, gup_sewer_entry_glass, uniq_eustachio,
          uniq_grinder, uniq_blork_the_orc

Skill      XL: |  1  2  3  4  5  6  7  8 |
---------------+-------------------------+-----
Fighting       | 1 2 3 4 5 6 |  6.9
Ice Magic      | 5 6 7 8 |  8.4
Spellcasting   | 3 4 6 |  6.2
Dodging        | |  2.6
Stealth        | |  2.1

Action                     |  1- 3 |  4- 6 |  7- 9 || total
---------------------------+-------+-------+-------++-------
  Melee: Unarmed           |    16 |       |       ||    16
         Mace              |     3 |       |       ||     3
         Staff             |    24 |     6 |       ||    30
         Quarterstaff      |       |    40 |   151 ||   191
   Cast: Freeze            |    30 |    15 |    17 ||    62
         Frozen Ramparts   |       |     5 |    22 ||    27
         Ozocubu's Armour  |       |     3 |    13 ||    16
    Use: Scroll            |       |       |     9 ||     9
         Potion            |       |       |     4 ||     4
   Stab: Sleeping          |     3 |     1 |     5 ||     9
 Armour: Robe              |    12 |     7 |    64 ||    83
  Dodge: Dodged            |    51 |    44 |   126 ||   221
